 Dungeon Crawl Stone Soup version 0.24.0-123-gd5b16e6ec5 (webtiles) character file.

Game seed: 319609776383959748, levelgen mode: deterministic

63 Martska the Charmwright (level 4, -5/34 HPs)
             Began as a Human Skald on Feb 10, 2020.
             Slain by a bullfrog (7 damage)
             ... on level 2 of the Dungeon.
             The game lasted 00:02:39 (2141 turns).

Martska the Charmwright (Human Skald)               Turns: 2141, Time: 00:02:40

Health: -5/34      AC:  3    Str: 12    XL:     4   Next: 31%
Magic:  5/7        EV: 12    Int: 14    God:
Gold:   17         SH:  0    Dex: 12    Spells: 1/7 levels left

rFire    . . .     SeeInvis .   a - +0 falchion
rCold    . . .     Gourm    .   (no shield)
rNeg     . . .     Faith    .   b - +0 leather armour
rPois    .         Spirit   .   (no helmet)
rElec    .         Reflect  .   (no cloak)
rCorr    .         Harm     .   (no gloves)
MR       .....                  (no boots)
Stlth    +.........             (no amulet)
HPRegen  0.11/turn              (no ring)
MPRegen  0.10/turn              (no ring)

@: very slightly contaminated
A: no striking features
a: no special abilities


You were on level 2 of the Dungeon.
You were not hungry.

You visited 1 branch of the dungeon, and saw 2 of its levels.

You collected 17 gold pieces.

Inventory:

Hand Weapons
 a - a +0 falchion (weapon)
Armour
 b - a +0 leather armour (worn)
Jewellery
 e - an uncursed amulet of faith {unknown}
Scrolls
 c - a scroll of enchant armour {unknown}
 f - a scroll of remove curse {unknown}
Potions
 g - a potion of haste {unknown}
 h - a potion of degeneration {unknown}
Comestibles
 d - 2 rations


   Skills:
 * Level 2.7 Fighting
 * Level 2.6 Long Blades
 + Level 1.3 Armour
 + Level 2.3 Dodging
 + Level 2.2 Spellcasting
 + Level 0.3 Hexes
 + Level 3.2 Charms
 + Level 0.5 Translocations


You had one spell level left.
You knew the following spells:

 Your Spells              Type           Power        Failure   Level  Hunger
a - Infusion              Chrm           ##..         8%          1    #......
b - Shroud of Golubria    Chrm/Tloc      #.....       21%         2    ###....
c - Spectral Weapon       Hex/Chrm       #.......     38%         3    ###....

Your spell library contained the following spells:

 Spells                   Type           Power        Failure   Level  Hunger
 Song of Slaying          Chrm           ##......     12%         2    ###....
 Regeneration             Chrm/Necr      #.........   41%         3    ###....


Dungeon Overview and Level Annotations

Branches:
Dungeon (2/15)

Altars:
Ashenzari


Message History

The bullfrog barely misses you.
You riposte.
You hit the bullfrog.
The bullfrog is severely wounded.
The bullfrog hits you but does no damage.
The bullfrog closely misses you.
You riposte.
You closely miss the bullfrog.
The bullfrog is severely wounded.
You closely miss the bullfrog.
The bullfrog is severely wounded.
The bullfrog hits you.
* * * LOW HITPOINT WARNING * * *
The bullfrog hits you.
* * * LOW HITPOINT WARNING * * *
You closely miss the bullfrog.
The bullfrog is severely wounded.
The bullfrog misses you.
You closely miss the bullfrog.
The bullfrog is severely wounded.
The bullfrog closely misses you.
You riposte.
You hit the bullfrog.
The bullfrog is almost dead.
The bullfrog hits you!
You die...

#.##..........###### #.(#....#
#.####.....##.# #.###...#
#.#####.#####.# #..#....#
#.......# ##+## ##.....##
#.####### ##...## ##.####
#....# ##.....## ##.# ###..#
##...>...## ##..#
##...####.........####...#####
#.......'....@....+.........รท.
#....####....F....###.....).##
#.#.## ##.......## #....#..#
#.### ##.....## #..#.#..# #.
##...## #..#....# #.
#######'### #..##...#
#.........# #.. ....#
#.#.....#.# .....# ........#.#
###.###


You could see a bullfrog.

Vanquished Creatures
  3 adders (D:2)
  A dart slug (D:2)
  A ball python (D:1)
  3 bats (D:2)
  2 giant cockroaches (D:1)
  2 hobgoblins
  3 kobolds (D:1)
  4 frilled lizards
  9 goblins
  5 rats
33 creatures vanquished.

Notes
Turn   | Place    | Note
-------+----------+-------------------------------------------
     0 | D:1      | Martska the Human Skald began the quest for the Orb.
     0 | D:1      | Reached XP level 1. HP: 16/16 MP: 3/3
   118 | D:1      | Reached XP level 2. HP: 17/22 MP: 5/5
  1229 | D:1      | Reached XP level 3. HP: 28/28 MP: 6/6
  1233 | D:1      | Learned a level 2 spell: Shroud of Golubria
  1237 | D:1      | Learned a level 3 spell: Spectral Weapon
  1888 | D:2      | Reached XP level 4. HP: 34/34 MP: 7/7
  2075 | D:2      | Found a shattered altar of Ashenzari.
  2123 | D:2      | Noticed a bullfrog
  2141 | D:2      | Slain by a bullfrog

Levels and vault maps discovered:
D:1:      erik_arrival_gehennom, layout_basic, serial_bayou_pond_b,
          minmay_misc_feat_secret_circle, minmay_misc_feat_ornament,
          roderic_lattice_a, minivault_26, tso_altar
D:2:      layout_loops_corners, ashenzari_conservatory_becter,
          serial_bayou_pond_b

Action                   |  1- 3 |  4- 6 || total
-------------------------+-------+-------++-------
Melee: Falchion          |    97 |    24 ||   121
 Cast: Spectral Weapon   |       |     1 ||     1
  Use: Potion            |     2 |       ||     2
  Eat: Chunk             |     2 |     1 ||     3
       Ration            |       |     1 ||     1
Armor: Leather armour    |    37 |     9 ||    46
Dodge: Dodged            |    83 |    31 ||   114
       Rpst.: Falchion   |    26 |    12 ||    38
